 Dungeon Crawl Stone Soup version bcrawl-1.37.2 (webtiles) character file.

Game seed: 13680069786481105723

216230 Leeroy the Slasher (level 6, -1/36 HPs)
             Began as a Vine Stalker Gladiator on Feb 11, 2023.
             Slain by an ufetubus (3 damage)
             ... summoned by Eustachio
             ... on level 4 of the Dungeon.
             The game lasted 00:03:29 (2005 turns).

Leeroy the Slasher (Vine Stalker Gladiator)         Turns: 2005, Time: 00:03:29

Health: -1/36      AC:  4    Str: 16    XL:     6   Next: 18%
Magic:  7/7        EV: 13    Int:  8    God:
Gold:   103        SH:  2    Dex: 18    Spells: 5/5 levels left

rFire    + . .     GDR:     29% a - +0 long sword
rCold    . . .     SeeInvis .   (no shield)
rNeg     . . .     Gourm    .   b - +0 leather armour
rPois    .         Faith    .   c - +0 helmet
rElec    .         Spirit   .   (no cloak)
rCorr    .         Reflect  .   (no gloves)
MR       .....                  (no boots)
Stlth    +.........             n - amulet of rage (curse)
HPRegen  0.56/turn              p - ring of protection from fire
MPRegen  0.10/turn              (no ring)

@: no status effects
A: fangs 3, regeneration 1, no potion heal 3, rot immunity, strong jaws
a: Evoke Berserk Rage


You were on level 4 of the Dungeon.
You were hungry.

You visited 1 branch of the dungeon, and saw 4 of its levels.

You collected 103 gold pieces.

Inventory:

Hand Weapons
 a - a +0 long sword (weapon)
 C - the cursed +0 mace of Dung {crush, +Inv rC+ Str+3, unknown}
   (You found it on level 4 of the Dungeon)

   It will always inflict at least some extra damage.
   This minimum extra damage increases with your current reserve of magical
   power.
   It affects your strength (+3).
   It protects you from cold.
   It lets you turn invisible.
   It has a curse placed upon it.
Missiles
 d - 4 throwing nets {=f}
Armour
 b - a +0 leather armour (worn)
 c - a +0 helmet (worn)
Jewellery
 n - a cursed amulet of rage (around neck)
 p - a ring of protection from fire (left hand)
Scrolls
 g - a scroll of immolation
 h - a scroll of magic mapping
 i - a scroll of identify
 j - a scroll of enchant weapon
 l - 3 scrolls of teleportation
 m - a scroll of enchant armour
 o - a scroll of fear {unknown}
 t - a scroll of noise {unknown}
 x - a scroll of amnesia {unknown}
 y - a scroll of remove curse {unknown}
 A - a scroll of blinking {unknown}
Potions
 f - a potion of heal wounds
 k - a potion of resistance {unknown}
 q - a potion of lignification {unknown}
 r - 2 potions of curing {unknown}
 s - a potion of flight {unknown}
 u - a potion of invisibility {unknown}
 v - a potion of degeneration {unknown}
 w - a potion of brilliance {unknown}
 z - a potion of haste {unknown}
Comestibles
 e - 6 rations {!d}
 B - 3 chunks of flesh


   Skills:
 - Level 2.6 Fighting
 * Level 6.1 Long Blades
 - Level 1.7 Throwing
 - Level 3.2 Dodging


You had 5 spell levels left.
You didn't know any spells.
Your spell library was empty.

Dungeon Overview and Level Annotations

Branches:
Dungeon (4/12)
 Temple: D:4-7

Altars:
Okawaru
Vehumet
Xom

Annotations:
D:4 Eustachio


Innate Abilities, Weirdness & Mutations

You have razor-sharp teeth.
Your natural rate of healing is unusually fast.
Potions cannot restore your health.
You are immune to rotting.
Your bites deal extra damage.


Message History

You hit Eustachio but do no damage.
Eustachio is severely wounded.
You block the ufetubus's attack.
The ufetubus hits you but does no damage.
The ufetubus misses you. The ufetubus barely misses you.
Eustachio says, "Summoning is fun!"
Eustachio hits you with a +0 rapier.
* * * LOW HITPOINT WARNING * * *
You block the ufetubus's attack.
The ufetubus hits you but does no damage.
The ufetubus blinks! x2
You hit Eustachio but do no damage. Your bite misses Eustachio.
Eustachio is severely wounded.
The ufetubus misses you. The ufetubus completely misses you.
Eustachio closely misses you. The ufetubus misses you. The ufetubus hits you.
* * * LOW HITPOINT WARNING * * *
You hit Eustachio.
Eustachio is severely wounded.
The ufetubus blinks!
The ufetubus hits you.
You die...

#.# #.# #.####
#.(.. #..! #..
<######5#########
.......5@@5ยง.....
.###.##r#########
#.# #r# #.# # #.#
.###.##.#
........# ##
####.##.## .# #.


You could see Eustachio, a white imp, 2 ufetubi and a quokka.

Vanquished Creatures
  2 orc wizards (D:3)
  Jessica (D:2)
  A worker ant (D:4)
  A howler monkey skeleton (D:4)
  2 adders
  3 gnolls (D:2)
  An ooze (D:3)
  An adder skeleton (D:3)
  2 worms
  2 dart slugs
  5 leopard geckos
  8 orcs
  2 giant cockroaches
  4 goblins
  12 hobgoblins
  6 jackals
  4 quokkas
  A ball python (D:4)
  5 bats
  2 frilled lizards
  6 kobolds
  4 rats
75 creatures vanquished.

Notes
Turn   | Place    | Note
-------+----------+-------------------------------------------
     0 | D:1      | Leeroy the Vine Stalker Gladiator began the quest for the
                  | Orb.
     0 | D:1      | Reached XP level 1. HP: 13/13 MP: 2/2
    58 | D:1      | Reached skill level 3 in Long Blades
    61 | D:1      | Reached XP level 2. HP: 15/18 MP: 3/3
   608 | D:2      | Noticed Jessica
   613 | D:2      | Reached XP level 3. HP: 22/22 MP: 4/4
   615 | D:2      | Killed Jessica
   616 | D:2      | Reached skill level 4 in Long Blades
   772 | D:2      | Reached XP level 4. HP: 27/27 MP: 5/5
   959 | D:2      | Found an iron altar of Okawaru.
  1240 | D:3      | Reached skill level 5 in Long Blades
  1242 | D:3      | Reached XP level 5. HP: 28/31 MP: 6/6
  1605 | D:3      | Found a shimmering altar of Xom.
  1605 | D:3      | Found a radiant altar of Vehumet.
  1663 | D:3      | Gained mutation: You have razor-sharp teeth. [Vine Stalker
                  | growth]
  1663 | D:3      | Reached XP level 6. HP: 36/36 MP: 7/7
  1909 | D:4      | Got a polished mace
  1924 | D:4      | Reached skill level 6 in Long Blades
  1939 | D:4      | Noticed Eustachio
  2004 | D:4      | HP: 1/36 [ufetubus[Eustachio] (4)]
  2005 | D:4      | Slain by an ufetubus

Skill      XL: |  1  2  3  4  5  6 |
---------------+-------------------+-----
Long Blades    | 3 4 5 6 |  6.1
Fighting       | |  2.6
Throwing       | |  1.7
Dodging        | |  3.2

Action                   |  1- 3 |  4- 6 || total
-------------------------+-------+-------++-------
Melee: Long sword        |    54 |   207 ||   261
       Bite              |     7 |    27 ||    34
 Abil: Evoke Berserk Rag |     2 |       ||     2
  Use: Scroll            |     2 |     3 ||     5
 Stab: Sleeping          |     2 |       ||     2
       Distracted        |     1 |       ||     1
  Eat: Chunk             |       |    11 ||    11
Armor: Leather armour    |    20 |    58 ||    78
Dodge: Dodged            |    48 |   173 ||   221
Block: Other             |     1 |    10 ||    11
